 Dungeon Crawl Stone Soup version 0.23.0 (webtiles) character file.

Game seed: 13491299879603956340

14293 Folque the Thaumaturge (level 11, -1/60 HPs)
             Began as a Deep Elf Air Elementalist on Feb 14, 2019.
             Was an Elder of Vehumet.
             Asphyxiated
             ... on level 2 of the Lair of Beasts.
             The game lasted 00:58:28 (15532 turns).

Folque the Thaumaturge (Deep Elf Air Elementalist) Turns: 15532, Time: 00:58:28

Health: -1/60      AC: 11    Str: 12    XL:     11   Next: 86%
Magic:  3/39       EV: 15    Int: 24    God:    Vehumet [****..]
Gold:   644        SH:  0    Dex: 15    Spells: 18/36 levels left

rFire    . . .     SeeInvis .   Q - +1 long sword "Seme" {slice, +Blink Str+2} (curse)
rCold    + . .     Gourm    .   (no shield)
rNeg     . . .     Faith    .   t - +2 ring mail {rC+}
rPois    .         Spirit   .   (no helmet)
rElec    .         Reflect  .   q - +0 cloak
rCorr    .         Harm     .   (no gloves)
MR       +....                  F - +0 pair of boots
Stlth    ++........             (no amulet)
HPRegen  0.20/turn              I - ring of magical power
MPRegen  0.26/turn              B - ring "Qosuhorgh" {Wiz Str+5}

@: lethally poisoned (-1 -> -28), slowed, very slow
A: no striking features
a: Renounce Religion, Evoke Blink


You were on level 2 of the Lair of Beasts.
You worshipped Vehumet.
Vehumet was greatly pleased with you.
You were hungry.

You visited 3 branches of the dungeon, and saw 14 of its levels.

You collected 644 gold pieces.

Inventory:

Hand Weapons
 e - a +0 spear
 l - a +2 dagger of venom
 m - a +2 dagger of venom
 Q - the cursed +1 long sword "Seme" (weapon) {slice, +Blink Str+2}
   (You found it on level 11 of the Dungeon)

   It inflicts extra damage upon your enemies.
   It affects your strength (+2).
   It lets you blink.
   It has a curse placed upon it.
Armour
 a - a +0 robe
 q - a +0 cloak (worn)
 t - a +2 ring mail of cold resistance (worn)
 F - a +0 pair of boots (worn)
 H - a scarf of repulsion
Jewellery
 h - an uncursed ring of stealth {unknown}
 u - an uncursed ring of protection from cold
 w - an uncursed amulet of the gourmand {unknown}
 B - the ring "Qosuhorgh" (right hand) {Wiz Str+5}
   (You took it off an orc on level 4 of the Dungeon)

   [ring of wizardry]

   It improves your spell success rate.
   It affects your strength (+5).
 C - a cursed ring of attention
 G - an uncursed ring of attention
 I - a ring of magical power (left hand)
 J - an uncursed ring of stealth {unknown}
Wands
 b - a wand of acid (10)
 g - a wand of random effects (26)
 r - a wand of flame (12)
 x - a wand of paralysis (9)
 K - a wand of iceblast (6)
 N - a wand of scattershot (4)
Scrolls
 d - 2 scrolls of amnesia {unknown}
 i - 2 scrolls of random uselessness {unknown}
 j - 3 scrolls of remove curse
 n - 2 scrolls of enchant armour {unknown}
 s - 3 scrolls of enchant weapon
 v - 4 scrolls of immolation {unknown}
 y - 5 scrolls of fog {unknown}
 z - a scroll of magic mapping {unknown}
 A - 2 scrolls of blinking
 M - a scroll of summoning {unknown}
 P - 2 scrolls of teleportation
 S - a scroll of identify
Potions
 f - a potion of invisibility {unknown}
 k - a potion of mutation {unknown}
 o - 2 potions of curing
 p - 3 potions of degeneration {unknown}
 D - 2 potions of flight
 E - a potion of magic {unknown}
 L - a potion of brilliance {unknown}
 O - a potion of haste {unknown}
Comestibles
 c - 17 rations


   Skills:
 + Level 3.0 Fighting
 * Level 2.4 Long Blades
 - Level 7.0 Armour
 + Level 7.8 Dodging
 - Level 2.8 Stealth
 - Level 13.0 Spellcasting
 + Level 10.5 Conjurations
 - Level 1.3 Charms
 * Level 7.6 Air Magic


You had 18 spell levels left.
You knew the following spells:

 Your Spells              Type           Power        Failure   Level  Hunger
a - Shock                 Conj/Air       ####         1%          1    None
b - Swiftness             Chrm/Air       #####...     1%          2    None
c - Static Discharge      Conj/Air       ######..     1%          3    None
d - Lightning Bolt        Conj/Air       ######....   1%          5    ###....
e - Airstrike             Air            ######....   1%          4    None
f - Conjure Flame         Conj/Fire      #####...     1%          3    None

Your spell library contained the following spells:

 Spells                   Type           Power        Failure   Level  Hunger
 Venom Bolt               Conj/Pois      #####.....   3%          5    ###....
 Animate Skeleton         Necr           N/A          3%          1    None
 Apportation              Tloc           ###...       3%          1    None
 Confusing Touch          Hex            ###...       3%          1    None
 Summon Small Mammal      Summ           ###.         3%          1    None


Dungeon Overview and Level Annotations

Branches:
Dungeon (12/15)            Temple (1/1) D:5            Lair (2/6) D:11
    Orc (0/2) D:11
  Swamp: Lair:2-4    Shoals: Lair:2-4     Snake: Lair:2-4    Spider: Lair:2-4

Altars:
Ashenzari
Cheibriados
Dithmenos
Elyvilon
Fedhas
Gozag
Hepliaklqana
Kikubaaqudgha
Makhleb
Nemelex Xobeh
Okawaru
Qazlal
Ru
Sif Muna
Trog
Uskayaw
Vehumet
Wu Jian
Xom
Yredelemnul
Zin
The Shining One

Portals:
Trove: D:10 (give 6 scrolls of blinking)

Annotations:
D:3 1 runed translucent door, Crazy Yiuf
Lair:2 Sonja


Message History

You don't know that spell.
Evoke which item? (* to show all) (? for menu, Esc to quit)
Aiming: Iceblast
Press: ? - help, Shift-Dir - straight line That beam is likely to hit you.
Continue anyway?
The mass of ice explodes!
The iceblast engulfs the demonic crawler.
The demonic crawler partially resists.
The demonic crawler is severely wounded.
The iceblast engulfs the worm!
The worm is almost dead.
The iceblast engulfs the scorpion!
The scorpion is heavily wounded.
The iceblast engulfs you.
* * * LOW HITPOINT WARNING * * *
x2 You feel sick.
Sonja shoots a curare-tipped needle.
The curare-tipped needle hits you.
You are more poisoned.
You have difficulty breathing.
You die...

#..... #P... #†....#
...# ##... .....>.##
#...## ##.. ......#
....P ##.. ....##
#...## ##... #s..##
#...####.... #†..#
##........... #ws###
#.#.......###
##s@.####.......#.##
##.....K.......###
##.....###...##
#.##### ##.## ###
###


You could see a demonic crawler, Sonja, a worm and 2 scorpions.

Vanquished Creatures
  2 hydras
  Urug (Lair:2)
  A cyclops (D:11)
  An ugly thing (D:11)
  A black mamba (Lair:1)
  A torpor snail (Lair:2)
  A komodo dragon (Lair:1)
  2 trolls
  6 slime creatures
  4 hippogriffs
  Sigmund (D:2)
  A human (D:7)
  A shadow (D:11)
  3 wyverns
  10 yaks
  3 hogs (D:7)
  A hungry ghost (D:7)
  An acid dragon (D:11)
  3 water moccasins
  2 porcupines (Lair:2)
  A hornet zombie (D:8)
  3 orc warriors
  2 sky beasts
  A phantom (D:8)
  An ice beast (D:11)
  A black bear (D:11)
  5 ogres
  2 necrophages (D:8)
  2 centaurs
  2 crocodiles
  A big kobold (D:7)
  12 bullfrogs
  5 scorpions
  A wyvern skeleton (D:11)
  7 killer bees
  6 wights
  3 electric eels (D:8)
  9 howler monkeys
  2 crimson imps
  5 hounds
  A quasit (D:10)
  4 jellies
  3 orc priests
  6 orc wizards
  A bullfrog skeleton (D:7)
  4 iguanas
  4 worker ants
  A killer bee zombie (D:7)
  A hound zombie (D:6)
  A worker ant zombie (D:5)
  8 gnolls
  6 adders
  4 shadow imps
  An ooze (D:2)
  An adder skeleton (D:4)
  3 worms
  A dart slug (D:1)
  5 leopard geckos
  29 orcs
  8 giant cockroaches
  6 goblins
  9 hobgoblins
  6 jackals
  4 quokkas
  3 ball pythons
  11 bats
  5 frilled lizards
  9 kobolds
  A quokka skeleton (D:5)
  7 rats
  3 fungi
273 creatures vanquished.

Vanquished Creatures (others)
  4 fungi (D:11)
  3 plants
7 creatures vanquished.

Grand Total: 280 creatures vanquished

Notes
Turn   | Place    | Note
-------+----------+-------------------------------------------
     0 | D:1      | Folque the Deep Elf Air Elementalist began the quest for
                  | the Orb.
     0 | D:1      | Reached XP level 1. HP: 10/10 MP: 6/6
   480 | D:1      | Reached XP level 2. HP: 15/15 MP: 6/8
   526 | D:1      | Learned a level 2 spell: Swiftness
  1022 | D:2      | Noticed Sigmund
  1375 | D:2      | Reached XP level 3. HP: 19/19 MP: 9/9
  1394 | D:2      | Learned a level 3 spell: Static Discharge
  1653 | D:2      | Reached XP level 4. HP: 14/24 MP: 0/11
  1862 | D:2      | Killed Sigmund
  1862 | D:2      | Reached skill level 1 in Fighting
  1862 | D:2      | Reached skill level 4 in Spellcasting
  1862 | D:2      | Reached XP level 5. HP: 16/29 MP: 9/13
  2342 | D:2      | Learned a level 5 spell: Lightning Bolt
  2349 | D:2      | Reached XP level 6. HP: 34/34 MP: 12/14
  2722 | D:3      | Found a shadowy altar of Dithmenos.
  3214 | D:3      | Found a blossoming altar of Fedhas.
  3214 | D:3      | Found a burning altar of Makhleb.
  3215 | D:3      | Found a shimmering altar of Xom.
  3322 | D:3      | Found a runed translucent door.
  3323 | D:3      | Noticed Crazy Yiuf
  3444 | D:3      | Reached skill level 1 in Armour
  3614 | D:3      | Found an ornate altar of the Wu Jian Council.
  3990 | D:4      | Reached skill level 5 in Air Magic
  3990 | D:4      | Reached XP level 7. HP: 27/38 MP: 6/16
  4101 | D:4      | Reached skill level 5 in Spellcasting
  4121 | D:4      | Found an opulent altar of Gozag.
  4332 | D:4      | Identified the ring "Qosuhorgh" {Wiz Str+5}
  4379 | D:4      | Reached skill level 5 in Conjurations
  4394 | D:4      | You fall through a shaft for 3 floors!
  4432 | D:7      | HP: 1/38 [centaur/arrow (12)]
  5186 | D:5      | Entered Level 5 of the Dungeon
  5425 | D:5      | Learned a level 4 spell: Airstrike
  5429 | D:5      | Reached skill level 1 in Charms
  5429 | D:5      | Reached XP level 8. HP: 43/43 MP: 4/17
  5456 | D:5      | Found a staircase to the Ecumenical Temple.
  5472 | Temple   | Entered the Ecumenical Temple
  5688 | Temple   | Became a worshipper of Vehumet
  5789 | D:5      | Found a basalt altar of Yredelemnul.
  6877 | D:7      | Reached * piety under Vehumet
  6877 | D:7      | Offered knowledge of Sting by Vehumet.
  6877 | D:7      | Reached skill level 6 in Spellcasting
  7470 | D:7      | Reached skill level 7 in Spellcasting
  7472 | D:7      | Reached XP level 9. HP: 31/47 MP: 6/21
  7914 | D:7      | Reached skill level 8 in Spellcasting
  7963 | D:7      | Reached skill level 5 in Armour
  8345 | D:7      | Offered knowledge of Sandblast by Vehumet.
  8352 | D:7      | Reached ** piety under Vehumet
  8942 | D:8      | Reached skill level 9 in Spellcasting
  9176 | D:8      | Reached skill level 10 in Spellcasting
  9486 | D:8      | Reached XP level 10. HP: 50/52 MP: 26/26
 10562 | D:8      | You fall through a shaft for 3 floors!
 10570 | D:11     | Offered knowledge of Throw Flame by Vehumet.
 10573 | D:11     | Noticed a cyan ugly thing
 10585 | D:11     | Reached skill level 11 in Spellcasting
 10587 | D:11     | Reached *** piety under Vehumet
 10594 | D:11     | Noticed a cyclops
 10597 | D:10     | Entered Level 10 of the Dungeon
 11020 | D:10     | Offered knowledge of Conjure Flame by Vehumet.
 11207 | D:10     | Found a blossoming altar of Fedhas.
 11344 | D:10     | Found a portal to a secret trove of treasure.
 11752 | D:11     | Noticed a six-headed hydra
 11756 | D:11     | Killed a six-headed hydra
 11756 | D:11     | Reached skill level 5 in Dodging
 12029 | D:11     | Reached skill level 12 in Spellcasting
 12222 | D:11     | Found a staircase to the Lair.
 12273 | D:11     | Killed a cyclops
 12273 | D:11     | Reached XP level 11. HP: 56/56 MP: 28/29
 12350 | D:11     | Found a staircase to the Orcish Mines.
 12358 | D:11     | Learned a level 3 spell: Conjure Flame
 12483 | D:11     | Got a brightly glowing long sword
 12484 | D:11     | Identified the cursed +1 long sword "Seme" {slice, +Blink
                  | Str+2} (You found it on level 11 of the Dungeon)
 12990 | D:11     | Killed a cyan ugly thing
 13033 | D:12     | Noticed a skeletal warrior
 13035 | D:12     | Noticed a skeletal warrior
 13052 | D:11     | Reached skill level 10 in Conjurations
 13374 | Lair:1   | Entered Level 1 of the Lair of Beasts
 13601 | Lair:1   | Reached **** piety under Vehumet
 15159 | Lair:2   | Reached skill level 1 in Long Blades
 15177 | Lair:2   | Reached skill level 13 in Spellcasting
 15221 | Lair:2   | Noticed Urug
 15231 | Lair:2   | Killed Urug
 15375 | Lair:2   | Noticed a seven-headed hydra
 15391 | Lair:2   | Killed a seven-headed hydra
 15498 | Lair:2   | Noticed Sonja
 15515 | Lair:2   | Offered knowledge of Venom Bolt by Vehumet.
 15532 | Lair:2   | Asphyxiated

Skill      XL: |  1  2  3  4  5  6  7  8  9 10 11 |
---------------+----------------------------------+-----
Conjurations   | 2 3 4 6 7 8 9 10 | 10.5
Fighting       | 1 3 |  3.0
Spellcasting   | 4 5 7 10 12 13 | 13.0
Air Magic      | 4 5 6 7 |  7.6
Armour         | 1 4 6 7 |  7.0
Dodging        | 4 6 7 |  7.8
Charms         | 1 |  1.3
Long Blades    | 2 |  2.4
Stealth        | |  2.8

Action                   |  1- 3 |  4- 6 |  7- 9 | 10-12 || total
-------------------------+-------+-------+-------+-------++-------
Melee: Spear             |    30 |       |       |       ||    30
       Dagger            |    20 |    69 |   137 |    33 ||   259
       Long sword        |       |       |       |    51 ||    51
Throw: Throwing net      |       |     1 |     1 |       ||     2
 Cast: Shock             |    41 |    62 |   105 |   156 ||   364
       Static Discharge  |     4 |     2 |    20 |    13 ||    39
       Lightning Bolt    |       |       |    28 |    65 ||    93
       Airstrike         |       |       |     3 |    11 ||    14
       Swiftness         |       |       |     4 |     2 ||     6
       Conjure Flame     |       |       |       |     5 ||     5
Evoke: Wand              |       |       |       |     1 ||     1
  Use: Potion            |       |     1 |     1 |     8 ||    10
       Scroll            |       |     5 |     1 |     7 ||    13
 Stab: Sleeping          |     4 |     1 |     5 |       ||    10
  Eat: Chunk             |     2 |     8 |    22 |    13 ||    45
       Ration            |       |       |       |     4 ||     4
Armor: Robe              |    14 |    10 |    29 |    17 ||    70
       Skin              |       |     1 |       |       ||     1
       Ring mail         |       |       |       |    86 ||    86
Dodge: Dodged            |    43 |    40 |   158 |   202 ||   443
       Rpst.: Long sword |       |       |       |    32 ||    32
